 Dungeon Crawl Stone Soup version 0.30-a0-329-g85436e0a43 (webtiles) character file.

Game seed: 886338644914140157

217 blackman the Slasher (level 6, 0/47 HPs)
             Began as a Human Delver on Oct 28, 2022.
             Slain by a black bear (4 damage)
             ... on level 5 of the Dungeon.
             The game lasted 00:01:45 (660 turns).

blackman the Slasher (Human Delver)                  Turns: 660, Time: 00:01:46

Health: 0/47       AC:  3    Str: 12    XL:     6   Next: 16%
Magic:  6/6        EV: 10    Int: 10    God:
Gold:   0          SH:  8    Dex: 17    Spells: 5/5 levels left

rFire   . . .      SeeInvis .    h - +2 rapier (speed)
rCold   . . .      Faith    .    e - +0 kite shield
rNeg    . . .      Spirit   .    b - +0 leather armour
rPois   .          Reflect  .    (no helmet)
rElec   .          Harm     .    (no cloak)
rCorr   .          Rampage  .    (no gloves)
Will    .....                    (no boots)
Stlth   +++.......               (no amulet)
HPRegen 0.27/turn                (no ring)
MPRegen 0.10/turn                (no ring)

@: no status effects
A: no striking features
a: no special abilities


You were on level 5 of the Dungeon.
You visited 1 branch of the dungeon, and saw 2 of its levels.

Inventory:

Hand Weapons
 a - a +0 falchion
 h - a +2 rapier of speed (weapon)
Armour
 b - a +0 leather armour (worn)
 e - a +0 kite shield (worn)
Wands
 g - a wand of digging (2)
Scrolls
 c - a scroll of fog
 d - a scroll of magic mapping
 f - a scroll of amnesia {unknown}


   Skills:
 - Level 3.0 Fighting
 - Level 5.7 Long Blades
 - Level 2.0 Dodging
 - Level 5.0 Stealth
 * Level 1.2 Shields


You had 5 spell levels left.
You didn't know any spells.
Your spell library was empty.

Dungeon Overview and Level Annotations

Branches:
Dungeon (6/15)
 Temple: D:4-7

Altars:


Message History

The black bear bites you. The black bear misses you. The black bear claws you.
You hit the black bear.
The black bear is moderately wounded.
The black bear barely misses you. x2
The black bear claws you but does no damage.
You closely miss the black bear.
The black bear is moderately wounded.
The black bear bites you. You block the black bear's attack. x2
You hit the black bear.
The black bear is heavily wounded.
The black bear bites you.
The black bear claws you but does no damage.
The black bear closely misses you.
You hit the black bear.
The black bear is heavily wounded.
The black bear closely misses you. The black bear claws you. x2
The shadow imp shouts!
You hit the black bear but do no damage.
The black bear is heavily wounded.
The black bear bites you! You block the black bear's attack. x2
You hit the black bear.
The black bear is severely wounded.
You hit the black bear.
The black bear is almost dead.
The black bear closely misses you. You block the black bear's attack.
The black bear barely misses you.
You closely miss the black bear.
The black bear is severely wounded.
The black bear goes berserk!
You hit the black bear but do no damage.
The black bear is severely wounded.
The black bear bites you. You block the black bear's attack.
The black bear claws you.
* * * LOW HITPOINT WARNING * * *
The black bear bites you.
* * * LOW HITPOINT WARNING * * *
The black bear claws you.
* * * LOW HITPOINT WARNING * * *
The black bear claws you.
You die...

........# .
#.......# #
.../w.... #
#........ #.
#........ #.##
#........ ...
#........# ...
#.####.)......#
#..
#.@hhw5######.#
#..
.......####...#
#.# #.. .......
###.# #.# #..
....... #.####.#
#.. .......
#####..#...# #..
.......
#..........# #..
.......
#..........###..
.......
#...............
...##############


You could see 2 black bears, a shadow imp and a dart slug.

Vanquished Creatures
  A necrophage (D:5)
  A scorpion (D:6)
  A hound (D:6)
  An iguana (D:5)
  An orc wizard (D:5)
  2 adders (D:6)
  2 orcs
9 creatures vanquished.

Notes
Turn   | Place    | Note
-------+----------+-------------------------------------------
     0 | D:5      | blackman the Human Delver began the quest for the Orb.
     0 | D:5      | Reached XP level 1. HP: 18/18 MP: 1/1
     2 | D:5      | Noticed an orc wizard
     5 | D:5      | Noticed a necrophage
    39 | D:6      | Reached XP level 2. HP: 24/24 MP: 2/2
    66 | D:6      | Reached XP level 3. HP: 13/29 MP: 3/3
    71 | D:6      | Reached XP level 4. HP: 2/35 MP: 4/4
   144 | D:6      | Noticed a scorpion
   161 | D:6      | Killed a scorpion
   162 | D:6      | Reached XP level 5. HP: 10/41 MP: 5/5
   560 | D:5      | Reached skill level 5 in Long Blades
   572 | D:5      | Reached XP level 6. HP: 38/47 MP: 6/6
   636 | D:5      | Noticed a black bear
   637 | D:5      | Noticed a black bear
   648 | D:5      | Reached skill level 1 in Shields
   660 | D:5      | Slain by a black bear

Illustrated notes

Levels and vault maps discovered:
D:5:      layout_rooms, nicolae_tso_carved_into_rock, gup_sewer_entry_bubbles
D:6:      layout_cave_pods, nicolae_hepliaklqana_hazy_memory,
          nzn_wu_jian_contemplation, minmay_temple_entry_grid

Skill      XL: |  1  2  3  4  5  6 |
---------------+-------------------+-----
Long Blades    | 3 4 5 |  5.7
Shields        | 1 |  1.2
Fighting       | |  3.0
Dodging        | |  2.0
Stealth        | |  5.0

Action                   |  1- 3 |  4- 6 || total
-------------------------+-------+-------++-------
Melee: Rapier            |    16 |    49 ||    65
Evoke: Wand              |       |     1 ||     1
  Use: Scroll            |     1 |       ||     1
       Potion            |     1 |       ||     1
 Stab: Sleeping          |     1 |       ||     1
Armor: Leather armour    |     1 |     5 ||     6
Dodge: Dodged            |     6 |    11 ||    17
Block: Kite shield       |     3 |    27 ||    30

Table legend: (Time is in decaauts)
 A = Elapsed time spent in this place.
 B = Non-inter-level travel time spent in this place.
 C = Inter-level travel time spent in this place.
 D = Time resting spent in this place.
 E = Time spent auto-exploring this place.
 F = Levels seen in this place.
 G = Mean time per level.
                   A        B        C        D        E       F      G
               +--------+--------+--------+--------+--------+-----+--------+
         Total |    638 |    629 |      9 |    397 |     97 |   2 |  319.0 |
       Dungeon |    638 |    629 |      9 |    397 |     97 |   2 |  319.0 |
               +--------+--------+--------+--------+--------+-----+--------+

Top non-repeatable levels by time:
     D:6: 488 daAuts
     D:5: 150 daAuts
